 Dungeon Crawl Stone Soup version 0.29.0-4-gdea44cf6ec (webtiles) character file.

Game seed: 10733222358869832863

158 qw the Chopper (level 5, 0/30 HPs)
             Began as a Tengu Warper on Aug 28, 2022.
             Slain by a gnoll
             ... wielding a +0 halberd
             ... led by a gnoll bouda
              (5 damage)
             ... on level 4 of the Dungeon.
             The game lasted 00:00:21 (3377 turns).

qw the Chopper (Tengu Warper)                       Turns: 3377, Time: 00:00:22

Health: 0/30       AC: 10    Str: 13    XL:     5   Next: 40%
Magic:  0/9        EV:  7    Int: 14    God:
Gold:   208        SH:  0    Dex: 13    Spells: 8/8 levels left

rFire   . . .      SeeInvis .   Y - +0 hand axe
rCold   . . .      Faith    .   (no shield)
rNeg    . . .      Spirit   +   j - +2 chain mail {rPois}
rPois   +          Reflect  .   (helmet restricted)
rElec   .          Harm     .   (no cloak)
rCorr   .          Rampage  .   (no gloves)
Will    .....                   (boots unavailable)
Stlth   ..........              a - amulet of guardian spirit
HPRegen 0.10/turn               (no ring)
MPRegen 0.11/turn               (no ring)

@: weakened, flying quickly and evasively, quick
A: beak, talons 3, nimble flight
a: no special abilities


You were on level 4 of the Dungeon.
You visited 1 branch of the dungeon, and saw 4 of its levels.

You collected 208 gold pieces.


Innate Abilities, Weirdness & Mutations

You have a beak for a mouth.
You have claws for feet.
Your magical nature lets you fly swiftly and evasively.


   Skills:
 - Level 2.0 Fighting
 - Level 6.0 Axes
 - Level 1.0 Throwing
 + Level 1.2 Armour
 - Level 2.1 Dodging
 - Level 2.0 Spellcasting
 - Level 2.4 Translocations


You had 8 spell levels left.
You didn't know any spells.
Your spell library contained the following spells:

 Spells                   Type           Power      Damage    Failure   Level
 Blink                    Tloc           16%        N/A       99%         2
 Gell's Gravitas          Tloc           8%         N/A       100%        3
 Lesser Beckoning         Tloc           8%         N/A       100%        3
 Teleport Other           Tloc           8%         N/A       100%        3
 Manifold Assault         Tloc           8%         N/A       100%        5

Inventory:

Hand Weapons
 g - a +0 flail
 Y - a +0 hand axe (weapon)
Armour
 b - the +1 chain mail "Niukhlij" {rC+ rCorr}
   (You found it on level 3 of the Dungeon)

   rC:        It protects you from cold.
   rCorr:     It protects you from acid and corrosion.
 j - a +2 chain mail of poison resistance (worn)
Jewellery
 a - an amulet of guardian spirit (around neck)
 c - a ring of fire
Scrolls
 i - a scroll of identify
 p - 2 scrolls of teleportation
Potions
 d - a potion of haste {unknown}
 f - a potion of curing
 h - a potion of might
 o - a potion of invisibility {unknown}

Dungeon Overview and Level Annotations

Branches:
Dungeon (4/15)
 Temple: D:4-7

Altars:
Xom

Annotations:
D:4 Sigmund


Message History

You hear the rusting of a very distant drain.
As you open the door, it creaks loudly!
A hobgoblin, a gnoll bouda and 4 gnolls come into view.
The hobgoblin shouts!
The gnoll bouda shouts!
The gnoll shouts!
You hear a shout!
The gnoll hits you but does no damage.
You hear a shout!
Enter note:
Enter note:
Enter note: A gnoll comes into view. It is wielding a +0 flail.
Found a stone staircase leading down.
Sigmund the Dreaded comes into view.
He is wielding a +0 scythe and carrying a wand of digging (5).
The gnoll hits you with a +0 halberd. The gnoll barely misses you.
There is an open door here.
You closely miss the gnoll bouda. You claw the gnoll bouda.
You peck the gnoll bouda.
The gnoll bouda is heavily wounded.
You hit the gnoll. You hit the gnoll but do no damage.
The gnoll hits you but does no damage. x2
The gnoll bouda hits you but does no damage.
Sigmund casts a spell.
Sigmund flickers and vanishes!
Deactivating autopickup; reactivate with Ctrl-A.
You slash the gnoll bouda! Your kick misses the gnoll bouda.
The gnoll bouda is almost dead.
You barely miss the gnoll. You hit the gnoll but do no damage.
You hear a zap.
Some rock shatters into small pieces.
The gnoll hits you from afar with a +0 halberd.
The gnoll completely misses you. The gnoll hits you with a +0 spear.
The gnoll bouda gazes fiercely through you!
You feel your attacks grow feeble.
The gnoll bouda hits you with a +0 club!
You hit the gnoll bouda but do no damage.
The gnoll bouda is almost dead.
You barely miss the gnoll. x2
The gnoll hits you from afar with a +0 halberd!
The gnoll hits you with a +0 halberd.
You die...

############
#..........#
#.########.# #.#
#@#
#.##....gggg>.....
#.##.....ggg......
#.##..............
#.##..............
#.########.#......
#.# #........ #.#
#.#{..... #.#


You could see a gnoll bouda, 5 gnolls and a hobgoblin.

Vanquished Creatures
  A gnoll (D:1)
  6 adders
  2 dart slugs
  5 orcs (D:3)
  7 ball pythons
  7 bats
  7 endoplasms
  4 giant cockroaches
  6 goblins
  5 hobgoblins
  9 jackals
  2 quokkas (D:2)
  2 frilled lizards
  10 kobolds
  7 rats
80 creatures vanquished.

Notes
Turn   | Place    | Note
-------+----------+-------------------------------------------
     0 | D:1      | qw the Tengu Warper began the quest for the Orb.
     0 | D:1      | Reached XP level 1. HP: 12/12 MP: 4/4
     0 | D:1      | 0 ||| qw: Version: 0.1-a-89-g26bdef1
     0 | D:1      | 0 ||| qw: Game counter: 2336
     0 | D:1      | 0 ||| qw: Always use a shield: true
     0 | D:1      | 0 ||| qw: God list: Okawaru
     0 | D:1      | 0 ||| qw: Allow faded altars: false
     0 | D:1      | 0 ||| qw: Do Orc after D:15 true
     0 | D:1      | 0 ||| qw: Do second Lair branch before Depths: true
     0 | D:1      | 0 ||| qw: Lair rune preference: random
     0 | D:1      | 0 ||| qw: Plans: Normal
     0 | D:1      | 0 ||| PLANNING D:1-11
    72 | D:1      | Reached skill level 3 in Axes
    72 | D:1      | Reached XP level 2. HP: 17/17 MP: 6/6
   218 | D:1      | 218 ||| Stepping ~*~*~tactically~*~*~ (stealth).
   239 | D:1      | 239 ||| Stepping ~*~*~tactically~*~*~ (hiding).
   383 | D:1      | 383 ||| Stepping ~*~*~tactically~*~*~ (stealth).
   453 | D:1      | 453 ||| Stepping ~*~*~tactically~*~*~ (stealth).
   458 | D:1      | Reached XP level 3. HP: 21/21 MP: 7/7
   533 | D:1      | 533 ||| Stepping ~*~*~tactically~*~*~ (stealth).
   534 | D:1      | 534 ||| Stepping ~*~*~tactically~*~*~ (stealth).
   536 | D:1      | 536 ||| Stepping ~*~*~tactically~*~*~ (stealth).
   574 | D:1      | Reached skill level 4 in Axes
  1108 | D:1      | 1108 ||| Stepping ~*~*~tactically~*~*~ (stealth).
  1160 | D:1      | 1160 ||| UPGRADING to +0 ring mail.
  1170 | D:1      | 1170 ||| DROPPING +0 leather armour.
  1171 | D:1      | 1171 ||| READING scroll labelled ZANKUSCHOULI.
  1176 | D:1      | 1176 ||| READING scroll labelled QOHIRCH HUDETH.
  1177 | D:1      | 1177 ||| DRINKING 2 murky emerald potions.
  1178 | D:1      | 1178 ||| DROPPING scroll of blinking.
  1179 | D:1      | 1179 ||| DROPPING potion of flight.
  1187 | D:2      | Found a shimmering altar of Xom.
  1243 | D:2      | 1243 ||| Stepping ~*~*~tactically~*~*~ (stealth).
  1378 | D:2      | Reached XP level 4. HP: 26/26 MP: 8/8
  1380 | D:2      | 1380 ||| Stepping ~*~*~tactically~*~*~ (stealth).
  1799 | D:2      | Reached skill level 5 in Axes
  1860 | D:2      | 1860 ||| Stepping ~*~*~tactically~*~*~ (stealth).
  1889 | D:2      | 1889 ||| Stepping ~*~*~tactically~*~*~ (stealth).
  2015 | D:2      | 2015 ||| UPGRADING to +0 scale mail.
  2025 | D:2      | 2025 ||| DROPPING +0 ring mail.
  2026 | D:2      | 2026 ||| UPGRADING to +0 chain mail.
  2036 | D:2      | 2036 ||| DROPPING +0 scale mail.
  2037 | D:2      | 2037 ||| UPGRADING to amulet of guardian spirit.
  2042 | D:2      | 2042 ||| DROPPING ring of magical power.
  2043 | D:2      | 2043 ||| READING scroll labelled RUDUTWAOPTU.
  2044 | D:2      | 2044 ||| READING scroll labelled MEPPOASAVU.
  2045 | D:2      | 2045 ||| READING scroll labelled MAESYE ZIMPOF.
  2046 | D:2      | 2046 ||| READING scroll labelled UXYCUNT KEYKIF.
  2047 | D:2      | 2047 ||| DRINKING 2 metallic green potions.
  2056 | D:3      | Found a faded altar of an unknown god.
  2062 | D:3      | 2062 ||| STAIRDANCE
  2274 | D:3      | Identified the +1 chain mail "Niukhlij" {rC+ rCorr}
  2364 | D:3      | 2364 ||| Stepping ~*~*~tactically~*~*~ (stealth).
  2414 | D:3      | 2414 ||| DROPPING +0 club.
  2436 | D:3      | Gained mutation: Your magical nature lets you fly swiftly
                  | and evasively. [Tengu growth]
  2436 | D:3      | Reached XP level 5. HP: 30/30 MP: 6/9
  2446 | D:3      | 2446 ||| Stepping ~*~*~tactically~*~*~ (stealth).
  2675 | D:3      | 2675 ||| Stepping ~*~*~tactically~*~*~ (stealth).
  3101 | D:3      | 3101 ||| UPGRADING to +1 chain mail "Niukhlij" {rC+ rCorr}.
  3111 | D:3      | 3111 ||| UPGRADING to +2 chain mail of poison resistance.
  3121 | D:3      | 3121 ||| DROPPING +0 chain mail.
  3122 | D:3      | 3122 ||| DRINKING 3 murky amethyst potions.
  3123 | D:3      | 3123 ||| READING 3 scrolls of identify.
  3123 | D:3      | 3123 ||| IDENTIFYING inky potion
  3124 | D:3      | 3124 ||| READING 2 scrolls of identify.
  3124 | D:3      | 3124 ||| IDENTIFYING yellow potion
  3125 | D:3      | 3125 ||| DROPPING potion of brilliance.
  3126 | D:3      | 3126 ||| DROPPING 2 potions of attraction.
  3166 | D:4      | 3166 ||| PLANNING SEWER
  3233 | D:4      | Reached skill level 6 in Axes
  3374 | D:4      | Noticed Sigmund
  3377 | D:4      | HP: 5/30 [gnoll/+0 halberd[a gnoll bouda] (9)]
  3377 | D:4      | Slain by a gnoll

Levels and vault maps discovered:
D:1:      sevenhm_arrival_forest_fort_small_3, layout_basic, minmay_octomino_j4
D:2:      layout_rooms, basic_altar
D:3:      layout_loops_ring, nicolae_ecumenical_oubliette
D:4:      layout_basic, grunt_temple_overflow_lords_of_destruction,
          gup_sewer_entry_bubbles, uniq_natasha, uniq_sigmund

Skill      XL: |  1  2  3  4  5 |
---------------+----------------+-----
Axes           | 3 4 5 6 |  6.0
Fighting       | |  2.0
Throwing       | |  1.0
Armour         | |  1.2
Dodging        | |  2.1
Spellcasting   | |  2.0
Translocations | |  2.4

Action                   |  1- 3 |  4- 6 || total
-------------------------+-------+-------++-------
Melee: Hand axe          |    87 |   123 ||   210
       Peck              |    10 |    12 ||    22
       Kick              |    18 |    23 ||    41
       Punch             |     1 |     1 ||     2
Throw: Boomerang         |     7 |    17 ||    24
  Use: Scroll            |     2 |     6 ||     8
       Potion            |     1 |     2 ||     3
Armor: Leather armour    |    17 |       ||    17
       Ring mail         |    11 |    13 ||    24
       Chain mail        |       |    42 ||    42
Dodge: Dodged            |    47 |    57 ||   104

Table legend:
 A = Non-vault XP
 B = Vault XP
 C = Vault XP percentage of total XP
 D = Non-vault monster count
 E = Vault monster count
 F = Vault count percentage of total count
                 A         B        C        D         E       F
            +---------+---------+-------+---------+---------+-------
      Total |     223 |       4 |   1.8 |      77 |       3 |   3.8
            +---------+---------+-------+---------+---------+-------
        D:1 |      62 |       4 |   6.1 |      28 |       3 |   9.7
        D:2 |      71 |       0 |   0.0 |      21 |       0 |   0.0
        D:3 |      80 |       0 |   0.0 |      24 |       0 |   0.0
        D:4 |      10 |       0 |   0.0 |       4 |       0 |   0.0
            +---------+---------+-------+---------+---------+-------
